 Dungeon Crawl Stone Soup version 0.19.4-9-g45fd643 (webtiles) character file.

186 galech the Ruffian (level 5, -1/52 HPs)
             Began as a Troll Monk on Feb 21, 2017.
             Slain by a gnoll
             ... wielding a +0 halberd
              (4 damage)
             ... on level 3 of the Dungeon.
             The game lasted 00:04:29 (2148 turns).

galech the Ruffian (Troll Monk)                     Turns: 2148, Time: 00:04:31

Health: -1/52      AC:  6    Str: 20    XL:     5   Next: 38%
Magic:  4/4        EV: 11    Int:  6    God:
Gold:   96         SH:  0    Dex: 12    Spells: 0 memorised, 4 levels left

rFire  . . .     SeeInvis +       - Unarmed
rCold  . . .     Gourm    +     a - +0 robe
rNeg   . . .     Faith    +     (no shield)
rPois  .         Spirit   .     (helmet restricted)
rElec  .         Reflect  .     t - +0 cloak
rCorr  .         Harm     .     (gloves unavailable)
MR     .....                    (boots unavailable)
Stlth  ++........               l - amulet of faith
                                (no ring)
                                q - ring of see invisible

@: no status effects
A: unfitting armour, claws 3, fast metabolism 3, gourmand, regeneration 1,
shaggy fur 1, tough skin 2
a: no special abilities


You were on level 3 of the Dungeon.
You were completely stuffed.

You visited 1 branch of the dungeon, and saw 3 of its levels.

You collected 96 gold pieces.

Inventory:

Armour
 a - a +0 robe (worn)
 t - a +0 cloak (worn)
Jewellery
 l - an amulet of faith (around neck)
 q - a ring of see invisible (left claw)
Scrolls
 e - a scroll of magic mapping {unknown}
 f - a scroll of blinking {unknown}
 g - 5 scrolls of identify {unknown}
 o - a scroll of teleportation {unknown}
 p - a scroll of random uselessness {unknown}
 r - 2 scrolls of remove curse {unknown}
 s - a scroll of recharging {unknown}
Potions
 j - 2 potions of degeneration {unknown}
 k - a potion of invisibility {unknown}
 m - 2 potions of agility {unknown}
 n - a potion of mutation {unknown}
Comestibles
 b - 5 bread rations
 c - a beef jerky
 d - 3 fruits
 h - 2 meat rations
 i - 10 chunks of flesh


   Skills:
 + Level 2.9 Fighting
 + Level 3.3 Dodging
 + Level 1.3 Stealth
 + Level 4.7 Unarmed Combat


You had 4 spell levels left.
You didn't know any spells.

Dungeon Overview and Level Annotations

Branches:
Dungeon (3/15)

Altars:


Innate Abilities, Weirdness & Mutations

You are too large for most types of armour.
You have claws for hands.
Your metabolism is lightning-fast.
You like to eat raw meat.
Your natural rate of healing is unusually fast.
You are covered in fur. (AC +1)
You have very tough skin. (AC +2)


Message History

The orc priest hits you with a flail!
You scratch the orc priest but do no damage.
The orc priest is almost dead.
You barely miss the orc. You scratch the orc.
The orc is severely wounded.
The orc hits you.
You scratch the orc.
You kill the orc!
The orc priest calls down the wrath of Beogh upon you.
Pain shoots through your body!
The gnoll hits you from afar with a halberd!
The orc priest barely misses you. The gnoll hits you with a halberd.
You scratch the orc priest but do no damage.
The orc priest is almost dead.
The orc priest invokes the aid of Beogh against you.
Beogh smites you!
* * * LOW HITPOINT WARNING * * *
The gnoll hits you with a halberd.
You die...

#########...
#.)..g......
.####..<@#
.........#o....#
#.###.#..#...###
#.#.#....# #
#.#...## ..#...#
#.......
...#%.### ##..
..#


You could see an orc priest and a gnoll.

Vanquished Creatures
  Crazy Yiuf (D:2)
  Robin (D:2)
  3 gnolls (D:2)
  3 adders (D:2)
  An ooze (D:1)
  2 dart slugs (D:1)
  A leopard gecko (D:1)
  3 orcs
  3 giant cockroaches (D:2)
  8 hobgoblins
  8 jackals
  2 kobolds (D:1)
  A quokka (D:2)
  2 ball pythons (D:2)
  6 bats
  5 frilled lizards
  21 goblins
  7 rats
  2 fungi (D:2)
80 creatures vanquished.

Notes
Turn   | Place    | Note
-------+----------+-------------------------------------------
     0 | D:1      | galech the Troll Monk began the quest for the Orb.
     0 | D:1      | Reached XP level 1. HP: 22/22 MP: 0/0
   178 | D:1      | Reached XP level 2. HP: 29/29 MP: 1/1
   359 | D:1      | Reached XP level 3. HP: 31/36 MP: 2/2
  1094 | D:2      | Reached XP level 4. HP: 44/44 MP: 3/3
  1406 | D:2      | Reached skill level 4 in Unarmed Combat
  1627 | D:2      | Noticed Robin
  1646 | D:2      | Killed Robin
  1913 | D:2      | Found a runed door.
  1917 | D:2      | Noticed Crazy Yiuf
  1925 | D:2      | Killed Crazy Yiuf
  1925 | D:2      | Reached XP level 5. HP: 36/52 MP: 4/4
  2148 | D:3      | Slain by a gnoll

Skill      XL: |  1  2  3  4 |
---------------+-------------+-----
Dodging        | 3 |  3.3
Unarmed Combat | 4 |  4.7
Fighting       | |  2.9
Stealth        | |  1.3

Action                   |  1- 3 |  4- 6 || total
-------------------------+-------+-------++-------
Melee: Unarmed           |    89 |    93 ||   182
       Punch             |       |     1 ||     1
 Stab: Sleeping          |     2 |       ||     2
  Eat: Chunk             |    15 |    10 ||    25
Armor: Robe              |    30 |    28 ||    58
Dodge: Dodged            |    50 |    67 ||   117
